 Dungeon Crawl Stone Soup version 0.32-a0-999-gfa1cc04b1d (webtiles) character file.

Game seed: 17251320584672856688

18 GiantSquids the Sneak (level 2, -1/21 HPs)
             Began as an Octopode Delver on Apr 25, 2024.
             Slain by a jackal (3 damage)
             ... on level 3 of the Dungeon.
             The game lasted 00:00:33 (60 turns).

GiantSquids the Sneak (Octopode Delver)               Turns: 60, Time: 00:00:33

Health: -1/21      AC:  1    Str: 11    XL:     2   Next: 66%
Magic:  2/2        EV: 12    Int: 12    God:
Gold:   0          SH:  0    Dex: 13    Spells: 1/1 levels left

rFire   . . .        a - +0 short sword
rCold   . . .        (no shield)
rNeg    . . .        (helmet restricted)
rPois   .            (no amulet)
rElec   .            (no ring)
rCorr   .            (no ring)
SInv    .            (no ring)
Will    .....        (no ring)
Stlth   ++++         (no ring)
HPRegen 0.23/turn    (no ring)
MPRegen 0.08/turn    (no ring)
                     (no ring)

%: no passive effects
@: no status effects
A: almost no armour, amphibious, 8 rings, camouflage 1, gelatinous body 1,
(nimble swimmer 1), tentacles
a: no special abilities


You were on level 3 of the Dungeon.
You visited 1 branch of the dungeon, and saw 3 of its levels.

Inventory:

Hand Weapons
 a - a +0 short sword (weapon)
Jewellery
 h - an amulet of faith
Wands
 f - a wand of digging (3)
Scrolls
 b - a scroll of fog
 c - a scroll of revelation
 d - a scroll of fear
 g - a scroll of identify {unknown}
Potions
 e - a potion of haste


   Skills:
 - Level 3.0 Fighting
 + Level 2.6 Short Blades
 - Level 2.0 Dodging
 + Level 7.1 Stealth


You had one spell level left.
You didn't know any spells.
Your spell library was empty.

Dungeon Overview and Level Annotations

Branches:
Dungeon (5/15)
 Temple: D:4-7

Altars:

Shops:
D:4 (

Annotations:
D:4 Edmund


Innate Abilities, Weirdness & Mutations

You cannot wear most types of armour.
You are amphibious.
You can wear up to eight rings at the same time.
Your skin changes colour to match your surroundings (Stealth+).
Your rubbery body absorbs attacks. (AC +1, EV +1)
((You are camouflaged when in or above water. (Stealth+)))
You have tentacles for arms and can constrict up to eight enemies at once.


Message History

* * * LOW HITPOINT WARNING * * *
Found a scroll labelled GUACLO ALUYHE.
A ball python comes into view.
The jackal attacks as it pursues you! The jackal bites you.
* * * LOW HITPOINT WARNING * * *
The jackal barely misses you.
Found a stone staircase leading down and a stone staircase leading up.
A goblin comes into view. It is wielding a +0 club.
Found 7 gold pieces.
The jackal attacks as it pursues you! The jackal barely misses you. x2
The goblin shouts!
The jackal bites you.
* * * LOW HITPOINT WARNING * * *
The ball python hisses angrily.
The jackal attacks as it pursues you! The jackal barely misses you.
The jackal attacks as it pursues you!
The jackal bites you but does no damage.
A hobgoblin comes into view.
Edmund the Younger comes into view.
He is wielding a +5 flail of protection.
The jackal bites you.
* * * LOW HITPOINT WARNING * * *
The orc attacks as it pursues you! The orc misses you.
There is a stone staircase leading down here.
The ball python closely misses you. x2; The jackal closely misses you.
There is a stone staircase leading up here.
The ball python misses you. The ball python grabs you.
You stop ascending the stairs.
The ball python constricts you.
* * * LOW HITPOINT WARNING * * *
The jackal bites you but does no damage.
Unknown command.
You escape the ball python's grasp.
The orc priest casts a cantrip, but nothing happens.
The jackal closely misses you.
You climb upwards.
Found a scroll of revelation.
Found a stone staircase leading down.
There is a stone staircase leading down here.
You hit the orc. Your grab misses the orc.
The orc is heavily wounded.
The jackal bites you.
You die...

#.# #.# #.# #.#
#.# #.# #o# #@#
......hS...?..>
###..##########
.... ##. #


You could see an orc, a jackal and a ball python.

Vanquished Creatures
  2 adders
2 creatures vanquished.

Notes
Turn   | Place    | Note
-------+----------+-------------------------------------------
     0 | D:5      | GiantSquids the Octopode Delver began the quest for the
                  | Orb.
     0 | D:5      | Reached XP level 1. HP: 16/16 MP: 1/1
    32 | D:5      | Reached XP level 2. HP: 6/21 MP: 2/2
    33 | D:4      | Found Dudwut Jadgh's Antique Weapon Shop.
    43 | D:4      | Reached skill level 7 in Stealth
    54 | D:4      | Noticed Edmund
    54 | D:4      | HP: 1/21 [jackal (1)]
    60 | D:3      | Slain by a jackal

Illustrated notes

Levels and vault maps discovered:
D:3:      layout_loops_ring, grunt_temple_overflow_open, serial_shops, shop,
          st_stairs_8, minmay_close_crescents, uniq_jessica
D:4:      layout_rooms, temple_statues, serial_shops, shop, uniq_edmund,
          uniq_sigmund
D:5:      layout_cave_pools, serial_shops, shop, uniq_eustachio, uniq_grinder

Skill      XL: |  1  2 |
---------------+-------+-----
Stealth        | 7 |  7.1
Fighting       | |  3.0
Short Blades   | |  2.6
Dodging        | |  2.0

Action                     || total
---------------------------++-------
  Melee: Short sword       ||     6
         Constrict         ||     1
         Tentacles         ||     1
   Stab: Sleeping          ||     1
 Armour: Skin              ||    14
  Dodge: Dodged            ||    14

Table legend: (Time is in decaauts)
 A = Elapsed time spent in this place.
 B = Non-inter-level travel time spent in this place.
 C = Inter-level travel time spent in this place.
 D = Time resting spent in this place.
 E = Time spent auto-exploring this place.
 F = Levels seen in this place.
 G = Mean time per level.
                   A        B        C        D        E       F      G
               +--------+--------+--------+--------+--------+-----+--------+
         Total |     59 |     59 |      0 |      0 |      8 |   3 |   19.7 |
       Dungeon |     59 |     59 |      0 |      0 |      8 |   3 |   19.7 |
               +--------+--------+--------+--------+--------+-----+--------+

Top non-repeatable levels by time:
     D:5: 32 daAuts
     D:4: 25 daAuts
     D:3: 0 daAuts
